 Dungeon Crawl Stone Soup version 0.27.0-1-g7a089689b8 (webtiles) character file.

Game seed: 6019073850423189990

139927 SnakkuSnakku7 the Severer (level 17, -6/85 HPs)
             Began as a Vine Stalker Hedge Wizard on Aug 1, 2021.
             Was a High Priest of Elyvilon.
             Mangled by a jumping spider (9 damage)
             ... on level 4 of the Spider Nest on Aug 2, 2021.
             The game lasted 01:07:18 (30300 turns).

SnakkuSnakku7 the Severer (VSWz)                   Turns: 30300, Time: 01:07:18

Health: -6/85      AC:  7    Str: 14    XL:     17   Next: 29%
Magic:  0/24       EV: 17    Int: 16    God:    Elyvilon [*****.]
Gold:   652        SH: 17    Dex: 19    Spells: 19/22 levels left

rFire    + + .     SeeInvis .   a - +3 broad axe (freeze)
rCold    . . .     Faith    .   w - +0 kite shield
rNeg     . . .     Spirit   +   N - +3 leather armour {rF+}
rPois    +         Reflect  +   c - +0 hat
rElec    .         Harm     .   z - +2 cloak {rF+}
rCorr    .         Rampage  .   J - +1 pair of gloves
Will     ++...                  y - +2 pair of boots
Stlth    ++........             t - amulet of reflection
HPRegen  1.24/turn              F - ring "Waefog" {+Blink AC+4 Str-3 Dex+4}
MPRegen  0.19/turn              r - ring of poison resistance

@: corroded
A: fangs 3, regeneration 1, magic shield, antimagic bite, no potion heal 2
a: Renounce Religion, Evoke Blink, Lesser Healing, Heal Other, Purification,
Greater Healing, Divine Vigour, Divine Protection


You were on level 4 of the Spider Nest.
You worshipped Elyvilon.
Elyvilon was extremely pleased with you.
You visited 5 branches of the dungeon, and saw 28 of its levels.
You also visited: Volcano.

You collected 3047 gold pieces.
You spent 2395 gold pieces at shops.

Inventory:

Hand Weapons
 a - a +3 broad axe of freezing (weapon)
 b - a +7 hand axe
Missiles
 D - 3 curare-tipped darts (quivered)
 E - 3 throwing nets
Armour
 c - a +0 hat (worn)
 q - a +1 ring mail of positive energy
 w - a +0 kite shield (worn)
 y - a +2 pair of boots (worn)
 z - a +2 cloak of fire resistance (worn)
 C - a scarf of shadows
 J - a +1 pair of gloves (worn)
 N - a +3 leather armour of fire resistance (worn)
Jewellery
 j - a ring of wizardry
 r - a ring of poison resistance (right hand)
 t - an amulet of reflection (around neck)
 F - the ring "Waefog" (left hand) {+Blink AC+4 Str-3 Dex+4}
   (You bought it in a shop on level 14 of the Dungeon)

   [ring of protection]

   AC:        It affects your AC (+4).
   Str:       It affects your strength (-3).
   Dex:       It affects your dexterity (+4).
   +Blink:    It lets you blink.
 P - a ring of positive energy
 U - a ring of willpower
 V - a +6 ring of intelligence
Wands
 d - a wand of flame (17)
 i - a wand of polymorph (14)
 v - a wand of mindburst (5)
 x - a wand of charming (9)
 Q - a wand of iceblast (21)
 T - a wand of paralysis (21)
 X - a wand of digging (6)
Scrolls
 e - 3 scrolls of fog
 g - 4 scrolls of fear
 n - a scroll of magic mapping
 o - 4 scrolls of teleportation
 s - 7 scrolls of identify
 G - a scroll of blinking
 K - a scroll of silence
 M - 5 scrolls of enchant armour
 R - a scroll of vulnerability
 S - a scroll of amnesia
Potions
 f - 12 potions of ambrosia
 h - 4 potions of lignification
 k - 3 potions of cancellation
 l - 5 potions of flight
 m - 5 potions of magic
 p - 6 potions of curing
 u - 5 potions of attraction
 A - 4 potions of haste
 B - 5 potions of mutation
 H - 2 potions of invisibility
 I - 4 potions of brilliance
 L - 2 potions of resistance
 O - 3 potions of might
 W - a potion of berserk rage


   Skills:
 - Level 8.0 Fighting
 - Level 18.1 Axes
 - Level 4.3 Staves
 - Level 0.1(1.2) Slings
 - Level 2.1 Throwing
 + Level 6.5 Armour
 - Level 10.0 Dodging
 - Level 2.4 Stealth
 - Level 9.6 Shields
 - Level 3.2 Spellcasting
 - Level 3.0 Conjurations
 - Level 1.0 Summonings
 - Level 1.0 Translocations
 - Level 3.0 Air Magic
 - Level 3.0 Poison Magic
 - Level 8.0 Invocations
 - Level 5.0 Evocations


You had 19 spell levels left.
You knew the following spells:

 Your Spells              Type           Power      Damage    Failure   Level
b - Mephitic Cloud        Conj/Pois/Air  12%        N/A       36%         3

Your spell library contained the following spells:

 Spells                   Type           Power      Damage    Failure   Level
 Magic Dart               Conj           48%        1d5       13%         1
 Poisonous Vapours        Pois/Air       24%        N/A       21%         2
 Foxfire                  Conj/Fire      28%        2x1d5     24%         1
 Corpse Rot               Necr/Air       N/A        N/A       36%         2
 Freeze                   Ice            8%         1d3       41%         1
 Blink                    Tloc           N/A        N/A       41%         2
 Call Imp                 Summ           5%         N/A       41%         2
 Slow                     Hex            2%         N/A       56%         2
 Conjure Flame            Conj/Fire      7%         6-21      58%         3
 Gell's Gravitas          Tloc           2%         N/A       65%         3
 Lesser Beckoning         Tloc           2%         N/A       65%         3
 Teleport Other           Tloc           5%         N/A       65%         3
 Airstrike                Air            6%         N/A       78%         4
 Frozen Ramparts          Ice            4%         1d2       80%         3
 Vampiric Draining        Necr           1%         2d6       80%         3
 Summon Lightning Spire   Summ/Air       9%         N/A       89%         4
 Hailstorm                Conj/Ice       7%         3d4       94%         4
 Lightning Bolt           Conj/Air       6%         1d18      98%         5
 Freezing Cloud           Conj/Ice/Air   4%         6-21      99%         5
 Fireball                 Conj/Fire      3%         3d4       100%        5
 Summon Forest            Summ/Tloc      2%         N/A       100%        5
 Summon Mana Viper        Hex/Summ       4%         N/A       100%        5
 Shadow Creatures         Summ           N/A        N/A       100%        6
 Starburst                Conj/Fire      3%         8x6d3     100%        6
 Borgnjor's Revivificati  Necr           1%         N/A       100%        8
 Ignition                 Fire           1%         3d3       100%        8
 Maxwell's Capacitive Co  Air            6%         ∞         100%        8


Dungeon Overview and Level Annotations

Branches:
Dungeon (15/15)            Temple (1/1) D:6            Lair (6/6) D:10
 Shoals (0/4) Lair:2       Spider (4/4) Lair:3        Slime (0/5) Lair:5
    Orc (2/2) D:9             Elf (0/3) Orc:2        Vaults (0/5) D:13
 Depths (0/5) D:15        Volcano (visited)

Altars:
Ashenzari
Cheibriados
Dithmenos
Elyvilon
Fedhas
Gozag
Hepliaklqana
Kikubaaqudgha
Qazlal
Ru
Trog
Vehumet
Xom
Yredelemnul
Zin
The Shining One
Beogh

Shops:
D:5 *   D:14 *=   Orc:2 (*!(

Annotations:
D:1 exclusion: gnoll
D:12 3 runed translucent doors, bande's ghost, novice GrFi
D:15 Roxanne
Lair:1 exclusion: 3 oklob plants
Lair:6 exclusion: obsidian statue


Innate Abilities, Weirdness & Mutations

You have razor-sharp teeth.
Your natural rate of healing is unusually fast.
When hurt, damage is shared between your health and your magic reserves.
Your bite disrupts and absorbs the magic of your enemies.
Potions cannot restore your health.


Message History

The tarantella misses you. You block the wolf spider's attack. x2
A jumping spider comes into view.
The entropy weaver gestures at you while chanting.
The entropic weave corrodes you!
The jumping spider hisses angrily.
You slash the entropy weaver! You freeze the entropy weaver.
The entropy weaver is moderately wounded.
You hit the wolf spider. You freeze the wolf spider. You hit the tarantella.
You freeze the tarantella. You closely miss the jumping spider.
You barely miss the redback. The redback barely misses you.
The tarantella completely misses you.
The jumping spider leaps!
You block the wolf spider's attack. The wolf spider misses you.
The entropy weaver hits you but does no damage. x3
The entropy weaver hits you!
* * * LOW HITPOINT WARNING * * *
You block the redback's attack.
Your leather armour prevents you from hitting the entropy weaver.
You bite the entropy weaver, but do no damage.
The entropy weaver is moderately wounded.
You hit the redback. You freeze the redback.
You hit the tarantella but do no damage.
You slash the wolf spider! You freeze the wolf spider.
The tarantella bites you!
* * * LOW HITPOINT WARNING * * *
You block the wolf spider's attack. The wolf spider misses you.
The redback closely misses you. You block the entropy weaver's attack.
The entropy weaver hits you.
* * * LOW HITPOINT WARNING * * *
You block the entropy weaver's attack. The entropy weaver closely misses you.
The tarantella bites you!
* * * LOW HITPOINT WARNING * * *
You are confused.
Okay, then.
Okay, then.
Your system rejects the healing.
You feel better.
The jumping spider leaps!
The wolf spider closely misses you. You block the wolf spider's attack.
The redback bites you.
* * * LOW HITPOINT WARNING * * *
The tarantella completely misses you. The jumping spider pounces on you!
You die...

### #######..
.^.....#
..... ##..##
#..<.#
##.##..#.#
..^...†sss#
..##..##@#..#
#^..B.s.##
.......#...s.
...##..
##..... ..#.
#.# .○.#. ...
## #.... .#..
..


You could see an entropy weaver, a wolf spider, 2 jumping spiders, a tarantella
and a redback.

Vanquished Creatures
  Arachne (Spider:3)
  Jorgrun (D:15)
  A ghost moth (Lair:3)
  2 emperor scorpions
  An entropy weaver (Spider:2)
  Azrael (D:14)
  A dire elephant (Lair:6)
  A red draconian (Volcano)
  Snorg (Lair:3)
  A yaktaur captain (D:13)
  An ettin (D:15)
  Erolcha (Orc:1)
  10 two-headed ogres
  A death knight (D:12)
  Erica (Lair:1)
  2 centaur warriors
  3 boulder beetles
  A tengu warrior (D:14)
  19 death yaks
  Sonja (Orc:1)
  A salamander mystic (Volcano)
  A spectral death yak (Lair:6)
  3 deep trolls (D:15)
  A spectral anaconda (Lair:6)
  2 wizards
  5 orc knights
  A deep elf pyromancer (D:14)
  An orb spider (Spider:1)
  9 ugly things
  5 necromancers
  2 orc sorcerers (Orc:1)
  16 elephants
  4 salamanders (Volcano)
  12 wolf spiders
  2 manticores
  5 cyclopes
  A salamander (shapeshifter) (D:13)
  2 molten gargoyles (Volcano)
  3 black mambas
  2 merfolk sirens (Lair:2)
  6 torpor snails
  Joseph (Lair:1)
  Maggie (Lair:1)
  2 gargoyles (D:12)
  13 cane toads
  2 yaktaurs (D:13)
  4 rime drakes
  6 komodo dragons
  A yaktaur (shapeshifter) (D:15)
  7 demonic crawlers
  5 trolls
  2 tengu conjurers
  3 efreet
  A queen bee (Lair:3)
  2 merfolk (Lair:2)
  2 polar bears
  39 jumping spiders
  A hornet (Spider:2)
  9 slime creatures (D:13)
  7 blink frogs
  7 dream sheep (Lair:5)
  A centaur simulacrum (D:15)
  36 redbacks
  A shadow (D:10)
  2 vampires
  17 tarantellas
  5 wyverns
  40 yaks
  2 fire bats (Volcano)
  5 fire elementals (D:14)
  9 wraiths
  2 basilisks
  A death yak simulacrum (Lair:6)
  A two-headed ogre zombie (Orc:1)
  2 wargs
  10 vampire mosquitoes
  Duvessa (D:7)
  5 acid dragons
  17 water moccasins
  2 hell hounds (D:14)
  42 orc warriors
  An ice beast (D:6)
  An ice beast (shapeshifter) (D:13)
  4 black bears
  25 ogres
  A necrophage (D:7)
  17 centaurs
  A phantom (D:5)
  24 wolves
  A kobold brigand (D:8)
  12 bullfrogs
  4 scorpions
  2 gnoll sergeants
  2 cane toad simulacra (Lair:6)
  Dowan (D:7)
  A water moccasin zombie (D:5)
  2 water moccasin skeletons (D:6)
  22 killer bees (Lair:3)
  19 wights
  2 howler monkeys (D:8)
  2 electric eels (Spider:3)
  A vampire bat (Lair:2)
  6 lava snakes (Volcano)
  A bullfrog zombie (D:5)
  A jelly (D:7)
  3 centaur zombies
  15 orc priests
  6 hounds
  A human zombie (D:5)
  A bullfrog skeleton (D:4)
  A centaur skeleton (D:7)
  An iguana (D:5)
  Ijyb (D:2)
  20 orc wizards
  A scorpion zombie (D:5)
  3 hound zombies (D:5)
  2 hound skeletons
  2 howler monkey zombies
  2 howler monkey skeletons (D:6)
  7 adders
  19 gnolls
  2 shadow imps
  A white imp (D:5)
  An ufetubus (D:4)
  A worm (D:5)
  2 dart slugs
  86 orcs
  9 ball pythons
  8 endoplasms
  4 giant cockroaches
  20 goblins
  7 hobgoblins
  10 jackals
  9 kobolds
  5 quokkas
  10 bats
  2 frilled lizards
  3 rats
869 creatures vanquished.

Vanquished Creatures (others)
  A dire elephant (Lair:6)
  A spark wasp (Spider:2)
  Josephine (D:15)
  A hydra (Lair:4)
  A deep elf pyromancer (D:12)
  An orb spider (Spider:2)
  A cane toad (Lair:1)
  A hornet (Spider:3)
  A redback (Spider:1)
  7 wolves (Lair:4)
  A bush (Lair:6)
  52 fungi
  74 plants
  19 withered plants (Lair:6)
162 creatures vanquished.

Grand Total: 1031 creatures vanquished

Notes
Turn   | Place    | Note
-------+----------+-------------------------------------------
     0 | D:1      | SnakkuSnakku7 the Vine Stalker Hedge Wizard began the quest
                  | for the Orb.
     0 | D:1      | Reached XP level 1. HP: 9/9 MP: 5/5
   412 | D:1      | Reached XP level 2. HP: 9/13 MP: 2/7
  1260 | D:1      | Reached XP level 3. HP: 7/16 MP: 8/8
  1475 | D:1      | Found a faded altar of an unknown god.
  1658 | D:1      | Reached skill level 1 in Air Magic
  1658 | D:1      | Reached skill level 1 in Poison Magic
  1838 | D:2      | Noticed Ijyb
  2201 | D:2      | Learned a level 3 spell: Mephitic Cloud
  2660 | D:2      | Gained mutation: Your natural rate of healing is unusually
                  | fast. [Vine Stalker growth]
  2660 | D:2      | Reached XP level 4. HP: 21/21 MP: 9/9
  3145 | D:2      | Killed Ijyb
  3256 | D:2      | Reached XP level 5. HP: 24/24 MP: 8/10
  3898 | D:3      | Reached skill level 1 in Throwing
  3946 | D:2      | Reached XP level 6. HP: 27/28 MP: 4/11
  4191 | D:3      | Noticed a water moccasin
  4324 | D:4      | Found a blossoming altar of Fedhas.
  4489 | D:4      | Reached skill level 1 in Staves
  4922 | D:4      | Found a shimmering altar of Xom.
  4936 | D:5      | Entered Level 5 of the Dungeon
  5006 | D:5      | Found Zutip's Mayhem Merchandise.
  5006 | D:5      | Noticed a water moccasin
  5031 | D:5      | Reached XP level 7. HP: 32/32 MP: 7/12
  5096 | D:5      | Bought a +1 broad axe of freezing for 184 gold pieces
  5115 | D:5      | Reached skill level 1 in Axes
  5202 | D:4      | Reached skill level 2 in Axes
  5282 | D:3      | Reached skill level 3 in Axes
  5282 | D:3      | Gained mutation: You have razor-sharp teeth. [Vine Stalker
                  | growth]
  5282 | D:3      | Reached XP level 8. HP: 29/36 MP: 10/13
  5618 | D:4      | Reached skill level 4 in Axes
  5824 | D:5      | Reached skill level 5 in Axes
  6426 | D:5      | Reached skill level 6 in Axes
  6953 | D:5      | Reached skill level 7 in Axes
  6953 | D:5      | Reached XP level 9. HP: 35/37 MP: 14/14
  7041 | D:5      | Found a basalt altar of Yredelemnul.
  7208 | D:6      | Reached skill level 8 in Axes
  7578 | D:6      | Found a staircase to the Ecumenical Temple.
  7586 | Temple   | Entered the Ecumenical Temple
  7650 | Temple   | Became a worshipper of Elyvilon the Healer
  8336 | D:7      | Reached skill level 9 in Axes
  8365 | D:7      | Noticed Duvessa
  8365 | D:7      | Noticed Dowan
  8630 | D:7      | Found a snail-covered altar of Cheibriados.
  8756 | D:7      | Reached * piety under Elyvilon
  9000 | D:7      | Reached skill level 10 in Axes
  9401 | D:7      | Killed Duvessa
  9402 | D:7      | Reached XP level 10. HP: 44/44 MP: 11/15
  9408 | D:7      | Killed Dowan
  9828 | D:8      | Reached skill level 1 in Evocations
 10271 | D:8      | Reached ** piety under Elyvilon
 10376 | D:8      | Reached skill level 5 in Evocations
 10761 | D:9      | Reached skill level 1 in Fighting
 10861 | D:9      | Found a staircase to the Orcish Mines.
 11652 | D:9      | Reached *** piety under Elyvilon
 11820 | D:8      | Noticed a boulder beetle
 11865 | D:10     | Entered Level 10 of the Dungeon
 12044 | D:10     | Reached XP level 11. HP: 53/53 MP: 16/16
 12124 | D:10     | Found a staircase to the Lair.
 12406 | D:10     | Found a glowing golden altar of the Shining One.
 12413 | D:10     | Found a radiant altar of Vehumet.
 12553 | Lair:1   | Entered Level 1 of the Lair of Beasts
 12553 | Lair:1   | Noticed Joseph
 12558 | Lair:1   | Killed Joseph
 12559 | Lair:1   | Reached skill level 5 in Invocations
 12686 | Lair:1   | Noticed an oklob plant
 12686 | Lair:1   | Noticed an oklob plant
 12686 | Lair:1   | Noticed an oklob plant
 12736 | Lair:1   | Reached **** piety under Elyvilon
 12983 | Lair:1   | Noticed Maggie
 13022 | Lair:1   | Killed Maggie
 13104 | Lair:1   | Reached skill level 5 in Fighting
 13232 | Lair:1   | Noticed Erica
 13251 | Lair:1   | Killed Erica
 13984 | Lair:2   | Noticed a five-headed hydra
 13986 | Lair:2   | Pacified a five-headed hydra
 13987 | Lair:2   | Reached XP level 12. HP: 63/63 MP: 16/19
 14223 | Lair:2   | Reached ***** piety under Elyvilon
 14265 | Lair:2   | Found a snail-covered altar of Cheibriados.
 14327 | Lair:2   | Reached skill level 1 in Shields
 14411 | Lair:2   | Found a staircase to the Shoals.
 15276 | Lair:3   | Noticed Snorg
 15563 | Lair:3   | Reached skill level 5 in Shields
 15716 | Lair:3   | Found a hole to the Spider Nest.
 15959 | Lair:3   | Killed Snorg
 16083 | Lair:4   | Noticed a death yak
 16109 | Lair:4   | Noticed a death yak
 16109 | Lair:4   | Noticed a death yak
 16109 | Lair:4   | Noticed a death yak
 16142 | Lair:3   | Killed a death yak
 16184 | Lair:4   | Noticed a death yak
 16209 | Lair:3   | Killed a death yak
 16297 | Lair:3   | Killed a death yak
 16381 | Lair:3   | Killed a death yak
 16447 | Lair:4   | Killed a death yak
 16448 | Lair:4   | Reached XP level 13. HP: 54/68 MP: 15/20
 16818 | Lair:4   | Reached skill level 11 in Axes
 17241 | Lair:4   | Reached skill level 12 in Axes
 17688 | Lair:5   | Found a staircase to the Slime Pits.
 17849 | Lair:5   | Got the Tome of Aerial Sinister Secrets
 18609 | Lair:5   | Reached skill level 13 in Axes
 18912 | Lair:6   | Entered Level 6 of the Lair of Beasts
 18962 | Lair:5   | Reached XP level 14. HP: 58/73 MP: 19/21
 19186 | Lair:5   | Reached skill level 14 in Axes
 19463 | Lair:6   | Reached ****** piety under Elyvilon
 19982 | Lair:6   | Noticed a dire elephant
 19982 | Lair:6   | Noticed a dire elephant
 19983 | Lair:6   | Noticed a dire elephant
 20149 | Lair:5   | Reached skill level 15 in Axes
 20339 | Lair:6   | Noticed a dire elephant
 20352 | Lair:6   | Pacified a dire elephant
 20959 | Lair:6   | Pacified a dire elephant
 20960 | Lair:6   | Pacified a dire elephant
 20967 | Lair:6   | Killed a dire elephant
 21014 | Lair:6   | Killed a dire elephant
 21550 | D:11     | Reached skill level 16 in Axes
 22060 | D:12     | Reached XP level 15. HP: 77/77 MP: 19/22
 22094 | D:12     | Found a runed translucent gate.
 22094 | D:12     | Found a runed translucent gate.
 22095 | D:12     | Found a runed translucent gate.
 22099 | D:12     | Noticed bande's ghost (novice GrFi)
 22221 | D:12     | Noticed a shadow dragon
 22225 | D:12     | a shadow dragon changed into an alligator snapping turtle
 22842 | Orc:1    | Entered Level 1 of the Orcish Mines
 22846 | Orc:1    | Paralysed by an orc sorcerer for 4 turns
 22908 | Orc:1    | Found a dark tunnel.
 22913 | Volcano  | Entered a volcano
 23082 | Volcano  | Found a radiant altar of Vehumet.
 23231 | Volcano  | Reached skill level 5 in Dodging
 23750 | Orc:1    | Noticed Sonja
 23758 | Orc:1    | Killed Sonja
 24121 | Orc:1    | Noticed Erolcha
 24128 | Orc:1    | Killed Erolcha
 24178 | Orc:1    | Got the Volume of the Arsonist and Feathers
 24459 | Orc:2    | Entered Level 2 of the Orcish Mines
 24553 | Orc:2    | Found a staircase to the Elven Halls.
 25193 | Orc:2    | Found Sida's Distillery.
 25193 | Orc:2    | Found Ralo's General Store.
 25195 | Orc:2    | Found Vytee's Weapon Boutique.
 25197 | Orc:2    | Found Roirril's Weapon Emporium.
 25204 | Orc:2    | Bought a scroll of blinking for 97 gold pieces
 25209 | Orc:2    | Bought a potion of lignification for 45 gold pieces
 25209 | Orc:2    | Bought a potion of berserk rage for 75 gold pieces
 25209 | Orc:2    | Bought a potion of invisibility for 120 gold pieces
 25209 | Orc:2    | Bought a potion of haste for 150 gold pieces
 25209 | Orc:2    | Bought a potion of attraction for 45 gold pieces
 25209 | Orc:2    | Bought a potion of might for 60 gold pieces
 25209 | Orc:2    | Bought a potion of might for 60 gold pieces
 25969 | D:13     | Found a gate to the Vaults.
 26522 | D:14     | Reached XP level 16. HP: 81/81 MP: 23/23
 26758 | D:14     | Reached skill level 10 in Dodging
 26801 | D:14     | Found Faohau's Assorted Antiques.
 26820 | D:14     | Bought a potion of haste for 360 gold pieces
 26820 | D:14     | Bought a polished chain mail for 342 gold pieces
 26820 | D:14     | Identified the +1 chain mail of Resonance {rElec rPois
                  | Regen+ Dex-4} (You bought it in a shop on level 14 of the
                  | Dungeon)
 26820 | D:14     | Bought a coral ring for 180 gold pieces
 27013 | D:14     | Found Mytai's Jewellery Emporium.
 27021 | D:14     | Bought the ring "Waefog" {+Blink AC+4 Str-3 Dex+4} for 677
                  | gold pieces
 27155 | D:14     | Noticed Azrael
 27183 | D:14     | Killed Azrael
 27322 | D:15     | Entered Level 15 of the Dungeon
 27657 | D:15     | Noticed Josephine
 27659 | D:15     | Noticed Jorgrun
 27685 | D:15     | Killed Josephine
 27693 | D:15     | Killed Jorgrun
 27699 | D:15     | Reached skill level 17 in Axes
 28028 | D:15     | Found a staircase to the Depths.
 28086 | D:15     | Noticed Roxanne
 28501 | Spider:1 | Entered Level 1 of the Spider Nest
 29416 | Spider:2 | Reached skill level 18 in Axes
 29662 | Spider:2 | Reached skill level 1 in Armour
 29863 | Spider:3 | Reached XP level 17. HP: 54/85 MP: 17/24
 30052 | Spider:3 | Noticed Arachne
 30094 | Spider:3 | Killed Arachne
 30095 | Spider:3 | Reached skill level 5 in Armour
 30262 | Spider:4 | Entered Level 4 of the Spider Nest
 30300 | Spider:4 | HP: 3/85 [redback (4)]
 30300 | Spider:4 | Mangled by a jumping spider

Illustrated notes

Levels and vault maps discovered:
D:1:      kennysheep_arrival_forest, layout_basic,
          dreamdust_ecumenical_altar_sealed_demon, minmay_hexomino_f4
D:2:      kennysheep_the_goblin_king, layout_loops_ring, minmay_misc_feat_room,
          grunt_ministairs_3
D:3:      layout_rooms
D:4:      minmay_chambers_of_twos, layout_loops_ring, general_overflow_altar,
          mainiacjoe_overflow_chevrons
D:5:      layout_basic, lemuel_mausoleum_altar_yredelemnul, grunt_decor_clamped,
          chequers_serial_rivers_marsh, minmay_shop_mayhem
D:6:      layout_gridville, lemuel_temple_firewalk_b
D:7:      layout_basic, cheibriados_altar_1, uniq_duvessa
D:8:      layout_loops_ring
D:9:      layout_cave_pods, david_orc_1_choice, minmay_crystal_room
D:10:     layout_small_grid, amethyst_overflow_temple_binary,
          david_lair_shrubbed
D:11:     layout_cave_pools
D:12:     layout_basic, gammafunk_ghost_split
D:13:     layout_loops_ring, david_vaults_2
D:14:     layout_cave_pools, hangedman_abyss_or_decor_slice, serial_shops, shop,
          shop, lemuel_old_faithful, uniq_azrael
D:15:     hangedman_depths_entry_civil_slaughter, layout_basic, minivault_19,
          serial_curves, eino_curves_02, eino_curves_03, serial_park_tiny_pond,
          uniq_jorgrun, uniq_josephine, uniq_roxanne
Temple:   eino_temple_scatter_basement
Lair:1:   layout_regular_city, grunt_megastairs_1, infiniplex_staircase_pool_2,
          minmay_lair_oklob_chamber, lemuel_fruit_fields, lemuel_fruit_fields,
          uniq_erica, uniq_joseph, uniq_maggie
Lair:2:   layout_roguey, elwin_shoals_entry_stream, roderic_batcave,
          kennysheep_snail_temple
Lair:3:   layout_roguey [special_room_bee], nicolae_spider_entry_orb_guardian,
          uniq_snorg
Lair:4:   layout_big_grid, grunt_forest_large_clearings, serial_bayou_shore_b,
          grunt_megastairs_5, lemuel_fruit_fields
Lair:5:   layout_cave_pods, minmay_slime_entry_oklob_open, serial_bayou_shore_a,
          lemuel_fruit_fields, lemuel_fruit_fields, serial_bayou_shore_b,
          lemuel_fruit_tree, lemuel_fruit_fields
Lair:6:   due_jungle_book, layout_loops_ring, chequers_serial_rivers_small_a
Spider:1: layout_spider_delve
Spider:2: layout_spider_delve, nicolae_spider_baby_got_redback
Spider:3: nicolae_spider_jumping_over_cracks [nicolae_spider_jumping_sub_stairs,
          nicolae_spider_jumping_sub_moat, nicolae_spider_jumping_sub_offset,
          nicolae_spider_jumping_sub_shuffled], uniq_arachne
Spider:4: floodkiller_spider_rune_tomb, nicolae_spider_claw_tunnel
Orc:1:    lemuel_ogre_cave, layout_caves, enter_volcano_4, uniq_sonja
Orc:2:    st_orc_rangers, layout_diamond_mine, mines2_david

Skill      XL: |  1  2  3  4  5  6  7  8  9 10 11 12 13 14 15 16 17 |
---------------+----------------------------------------------------+-----
Conjurations   | 2 3 |  3.0
Air Magic      | 1 2 3 |  3.0
Poison Magic   | 1 2 3 |  3.0
Throwing       | 1 2 |  2.1
Staves         | 3 4 |  4.3
Axes           | 3 7 10 13 16 18 | 18.1
Evocations     | 5 |  5.0
Fighting       | 4 7 8 |  8.0
Invocations    | 3 8 |  8.0
Shields        | 9 |  9.6
Dodging        | 9 10 | 10.0
Armour         | 3 6 |  6.5
Slings         | |  0.1
Stealth        | |  2.4
Spellcasting   | |  3.2
Summonings     | |  1.0
Translocations | |  1.0

Action                   |  1- 3 |  4- 6 |  7- 9 | 10-12 | 13-15 | 16-18 || total
-------------------------+-------+-------+-------+-------+-------+-------++-------
Melee: Dagger            |    41 |       |       |       |       |       ||    41
       Bite              |    24 |    47 |    79 |   244 |   555 |   290 ||  1239
       Short sword       |   112 |   124 |       |       |       |       ||   236
       Quarterstaff      |       |   100 |     6 |       |       |       ||   106
       Broad axe         |       |       |   133 |       |   586 |   754 ||  1473
       Hand axe          |       |       |   178 |   826 |   971 |       ||  1975
Throw: Dart              |       |    27 |    47 |    49 |    10 |       ||   133
 Cast: Magic Dart        |    14 |       |       |       |       |       ||    14
Invok: Heal Other        |       |       |       |     5 |    17 |    11 ||    33
       Greater Healing   |       |       |       |     1 |     2 |     5 ||     8
Evoke: Wand              |       |       |     9 |    20 |    10 |    28 ||    67
  Use: Scroll            |       |     4 |     1 |    15 |    12 |     3 ||    35
       Potion            |       |       |     1 |     3 |     1 |     5 ||    10
 Stab: Sleeping          |     7 |     2 |     9 |     1 |     7 |     4 ||    30
       Paralysed         |       |       |       |       |     2 |       ||     2
       Invisible         |       |       |       |       |       |     7 ||     7
       Distracted        |       |       |       |       |       |     1 ||     1
       Held in net/web   |       |       |       |       |       |     1 ||     1
Armor: Robe              |    30 |    53 |    56 |       |       |       ||   139
       Ring mail         |       |       |    11 |   110 |       |       ||   121
       Leather armour    |       |       |       |   162 |   289 |   366 ||   817
Dodge: Dodged            |    91 |   147 |   168 |   261 |   395 |   527 ||  1589
Block: Other             |       |    22 |    54 |    38 |       |       ||   114
       Kite shield       |       |       |       |   441 |  1036 |   796 ||  2273
       Reflection        |       |       |       |     2 |    68 |       ||    70
